 Dungeon Crawl Stone Soup version 0.31-a0-229-g1fc7ce93e2 (webtiles) character file.

Game seed: 6130967100660976624

42 qw the Shooter (level 3, -2/21 HPs)
             Began as a Gargoyle Hexslinger on July 6, 2023.
             Slain by a worm (5 damage)
             ... on level 2 of the Dungeon.
             The game lasted 00:00:22 (744 turns).

qw the Shooter (Gargoyle Hexslinger)                 Turns: 744, Time: 00:00:22

Health: -2/21      AC:  5    Str: 11    XL:     3   Next: 54%
Magic:  4/4        EV: 12    Int: 13    God:
Gold:   69         SH:  0    Dex: 14    Spells: 3/4 levels left

rFire   . . .        h - +1 sling (heavy)
rCold   . . .        (no shield)
rNeg    + . .        c - +0 robe
rPois   inf          (no helmet)
rElec   +            (no cloak)
rCorr   +            (no gloves)
SInv    .            (no boots)
Will    .....        d - amulet of faith
Stlth   +            e - ring of resist corrosion
HPRegen 0.23/turn    (no ring)
MPRegen 0.09/turn

%: faith
@: no status effects
A: sickness immunity, AC +3, negative energy resistance 1, electricity
resistance, torment resistance 1, petrification resistance
a: no special abilities


You were on level 2 of the Dungeon.
You visited 1 branch of the dungeon, and saw 2 of its levels.

You collected 69 gold pieces.


Innate Abilities, Weirdness & Mutations

You are immune to sickness and miasma.
Your stone body is resilient. (AC +3)
You are immune to poison.
You resist negative energy. (rN+)
You are resistant to electric shocks. (rElec)
You are resistant to unholy torment.
You are immune to petrification.


   Skills:
 - Level 2.2 Fighting
 + Level 3.3 Ranged Weapons
 - Level 1.5 Dodging
 - Level 1.0 Spellcasting
 - Level 2.6 Hexes


You had 3 spell levels left.
You knew the following spells:

 Your Spells              Type           Power      Damage    Failure   Level
a - Slow                  Hex            28%        N/A       10%         1

Your spell library contained the following spells:

 Spells                   Type           Power      Damage    Failure   Level
 Inner Flame              Hex/Fire       4%         N/A       43%         3
 Portal Projectile        Hex/Tloc       8%         N/A       43%         3
 Cause Fear               Hex            3%         N/A       67%         4

Inventory:

Hand Weapons
 h - a +1 heavy sling (weapon)
Armour
 a - a +0 ring mail
 c - a +0 robe (worn)
Jewellery
 d - an amulet of faith (around neck)
 e - a ring of resist corrosion (left hand)
Potions
 b - a potion of mutation {unknown}
 g - a potion of curing

Dungeon Overview and Level Annotations

Branches:
Dungeon (2/15)

Altars:


Message History

Enter note:
Enter note:
Enter note:
Enter note:
Enter note: You shoot a sling bullet.
The jackal barks!
The sling bullet hits the jackal.
The jackal is severely wounded.
You shoot a sling bullet.
The sling bullet closely misses the jackal.
You shoot a sling bullet. The sling bullet hits the jackal.
The jackal is almost dead.
The jackal closely misses you. The jackal misses you.
You shoot a sling bullet. The sling bullet hits the jackal.
You kill the jackal!
A worm comes into view.
Enter note:
Enter note:
Enter note:
Enter note: You shoot a sling bullet.
The sling bullet completely misses the worm.
The worm bites you!
You shoot a sling bullet.
The sling bullet hits the worm but does no damage.
The worm closely misses you.
You shoot a sling bullet. The sling bullet hits the worm.
The worm is lightly wounded.
The worm bites you!
You shoot a sling bullet. The sling bullet hits the worm.
The worm is heavily wounded.
The worm barely misses you.
You shoot a sling bullet. The sling bullet hits the worm!
The worm is almost dead.
The worm closely misses you.
You shoot a sling bullet.
The sling bullet barely misses the worm.
The worm bites you.
You die...

# ##### #. #### #...# #..###...
#...# #...w..# ...
###...########@.# ########...
#...............#####.#........
#.....#########.#...#.#......#.
#...............#.#.#.......>#.
#.......#########..........%.(.
#.............................#
###............###.#.#...%##..)..
...............##......<....>.#..
###................#.#.##.#.).#..


You could see a worm.

Vanquished Creatures
  An adder (D:2)
  2 dart slugs (D:1)
  3 bats
  5 giant cockroaches (D:1)
  3 goblins
  3 hobgoblins
  4 jackals (D:2)
  A frilled lizard (D:1)
  A kobold (D:2)
  3 rats
26 creatures vanquished.

Notes
Turn   | Place    | Note
-------+----------+-------------------------------------------
     0 | D:1      | qw the Gargoyle Hexslinger began the quest for the Orb.
     0 | D:1      | Reached XP level 1. HP: 12/12 MP: 2/2
     0 | D:1      | 0 ||| qw: Version: 0.3-a-46-gb1f654a
     0 | D:1      | 0 ||| qw: Game counter: 1552
     0 | D:1      | 0 ||| qw: Melee chars always use a shield: true
     0 | D:1      | 0 ||| qw: God list: Okawaru
     0 | D:1      | 0 ||| qw: Allow faded altars: false
     0 | D:1      | 0 ||| qw: Do Orc after clearing Dungeon:15 true
     0 | D:1      | 0 ||| qw: Do second Lair branch before Depths: true
     0 | D:1      | 0 ||| qw: Lair rune preference: random
     0 | D:1      | 0 ||| qw: Goals: Normal
     0 | D:1      | 0 ||| PLANNING D:1-11
     8 | D:1      | Noticed a black bear
     8 | D:1      | Noticed a hog
     9 | D:1      | Noticed a salamander
     9 | D:1      | Noticed a scorpion
   120 | D:1      | Reached XP level 2. HP: 16/16 MP: 3/3
   269 | D:1      | Reached skill level 3 in Ranged Weapons
   426 | D:1      | 426 ||| UPGRADING to amulet of faith.
   431 | D:1      | 431 ||| UPGRADING to ring of resist corrosion.
   432 | D:1      | 432 ||| READING scroll labelled FALERU CIAPPI.
   433 | D:1      | 433 ||| READING scroll labelled JIAFROD FOLE.
   436 | D:1      | 436 ||| DRINKING 2 viscous sapphire potions.
   437 | D:1      | 437 ||| DROPPING scroll of poison.
   466 | D:2      | Reached XP level 3. HP: 18/21 MP: 4/4
   741 | D:2      | HP: 2/21 [worm (10)]
   744 | D:2      | Slain by a worm

Levels and vault maps discovered:
D:1:      onia_arrival_zoo_common, layout_rooms, minmay_worlds_worst_comb
D:2:      layout_basic, serial_co_window_serial, co_window_paths_a,
          co_window_paths_b, co_window_corner_a, co_window_paths_a,
          co_window_corner_a, co_window_cross_2, co_window_of_opportunity_b,
          co_window_broadway_a, co_window_broadway_c, glass_columns_b,
          glass_columns_a, glass_columns_a, glass_columns_a, glass_columns_a

Skill      XL: |  1  2 |
---------------+-------+-----
Ranged Weapons | 3 |  3.3
Fighting       | 2 |  2.2
Dodging        | |  1.5
Spellcasting   | |  1.0
Hexes          | |  2.6

Action                     || total
---------------------------++-------
   Fire: Sling             ||    88
    Use: Scroll            ||     2
         Potion            ||     1
 Armour: Robe              ||    20
  Dodge: Dodged            ||    47

Table legend:
 A = Non-vault XP
 B = Vault XP
 C = Vault XP percentage of total XP
 D = Non-vault monster count
 E = Vault monster count
 F = Vault count percentage of total count
                 A         B        C        D         E       F
            +---------+---------+-------+---------+---------+-------
      Total |      52 |       8 |  13.3 |      22 |       4 |  15.4
            +---------+---------+-------+---------+---------+-------
        D:1 |      22 |       8 |  26.7 |      11 |       4 |  26.7
        D:2 |      30 |       0 |   0.0 |      11 |       0 |   0.0
            +---------+---------+-------+---------+---------+-------
